 Dungeon Crawl Stone Soup version 0.27.0-1-g7a089689b8 (webtiles) character file.

Game seed: 4613110429201621285

1393 lnt the Cleaver (level 8, -3/64 HPs)
             Began as a Minotaur Berserker on July 30, 2021.
             Was a Priest of Trog.
             Slain by a bullfrog (4 damage)
             ... on level 6 of the Dungeon on July 31, 2021.
             The game lasted 00:27:50 (6617 turns).

lnt the Cleaver (Minotaur Berserker)                Turns: 6617, Time: 00:27:51

Health: -3/64      AC:  9    Str: 22    XL:     8   Next: 41%
Magic:  7/7        EV:  8    Int:  4    God:    Trog [***...]
Gold:   230        SH:  0    Dex: 12    Spells: 7/7 levels left

rFire    . . .     SeeInvis .   B - +3 hand axe (venom)
rCold    . . .     Faith    .   (no shield)
rNeg     + . .     Spirit   .   x - +0 chain mail
rPois    .         Reflect  .   (helmet restricted)
rElec    .         Harm     .   (no cloak)
rCorr    .         Rampage  .   l - +0 pair of gloves
Will     .....                  (no boots)
Stlth    ..........             (no amulet)
HPRegen  0.20/turn              k - ring of positive energy
MPRegen  0.10/turn              (no ring)

@: on berserk cooldown, slowed, invisible, very slow
A: horns 2, retaliatory headbutt
a: Renounce Religion, Berserk, Trog's Hand


You were on level 6 of the Dungeon.
You worshipped Trog.
Trog was most pleased with you.
You visited 1 branch of the dungeon, and saw 6 of its levels.

You collected 230 gold pieces.

Inventory:

Hand Weapons
 a - a +0 hand axe
 i - a +3 dagger
 v - a +0 hunting sling
 B - a +3 hand axe of venom (weapon)
 C - a +0 hand crossbow
Missiles
 n - 7 atropa-tipped darts (quivered)
 r - 35 bolts
 t - 26 poisoned darts
 u - 82 stones
Armour
 l - a +0 pair of gloves (worn)
 x - a +0 chain mail (worn)
Jewellery
 k - a ring of positive energy (left hand)
 m - a ring of magical power
Wands
 h - a wand of flame (33)
 D - a wand of polymorph (10)
Scrolls
 b - a scroll of blinking {unknown}
 d - 3 scrolls of amnesia {unknown}
 e - 3 scrolls of enchant armour {unknown}
 p - 2 scrolls of noise {unknown}
 q - 4 scrolls of identify {unknown}
 s - 2 scrolls of fear {unknown}
 y - a scroll of enchant weapon {unknown}
 A - 2 scrolls of teleportation {unknown}
Potions
 c - 2 potions of brilliance {unknown}
 g - 3 potions of cancellation {unknown}
 j - a potion of flight {unknown}
 w - a potion of lignification {unknown}
 z - 2 potions of curing {unknown}
 E - a potion of resistance {unknown}
 F - a potion of heal wounds {unknown}


   Skills:
 - Level 3.6 Fighting
 + Level 12.5 Axes
 - Level 2.4 Armour
 - Level 2.1 Dodging


You had 7 spell levels left.
You didn't know any spells.
Your spell library was empty.

Dungeon Overview and Level Annotations

Branches:
Dungeon (6/15)             Temple (0/1) D:5

Altars:
Ashenzari
Gozag
Nemelex Xobeh
Qazlal
Ru
Uskayaw
Zin


Innate Abilities, Weirdness & Mutations

You have a pair of horns on your head.
You reflexively headbutt those who attack you in melee.


Message History

You are exhausted.
You feel yourself slow down.
A bullfrog comes into view.
The centaur unwields a +0 shortbow.
The centaur closely misses you. You furiously retaliate!
You headbutt the centaur.
The centaur kicks you but does no damage.
The orc hits you from afar with a +0 trident.
The bullfrog gives a loud, deep croak!
You hit the centaur.
The centaur is moderately wounded.
The centaur hits you but does no damage.
The centaur closely misses you. The orc hits you but does no damage.
Press: ? - help, v - describe, . - travel
Here: a centaur, quivering arrows (moderately wounded)
The floor, spattered with blood.
The centaur barely misses you.
The centaur kicks you but does no damage.
The centaur hits you.
* * * LOW HITPOINT WARNING * * *
The centaur barely misses you. The orc hits you with a +0 trident.
* * * LOW HITPOINT WARNING * * *
The centaur hits you.
* * * LOW HITPOINT WARNING * * *
The centaur barely misses you.
Press: ? - help, v - describe, . - travel
Here: an orc, wielding a +0 trident and wearing a +0 leather armour The floor.
Press: ? - help, v - describe, . - travel
Here: a bullfrog The floor.
Okay, then.
You fade into invisibility!
The orc hits you with a +0 trident.
* * * LOW HITPOINT WARNING * * *
The centaur closely misses you. The centaur barely misses you.
The centaur hits you.
* * * LOW HITPOINT WARNING * * *
The centaur closely misses you. The orc barely misses you.
The bullfrog hits you.
You die...

#.≈...§.#.# #.......
#.≈._.≈.#.## #
#.......
#.≈...≈.#..#####...#
#......#
+.......+..........#
#......#
####+#####..####.###
#......# ##.##
.......###### #..#
........ ##.#......
#@c......
.......Fo......
###............
#..........#.
#..........#
#..........#
#..........#
#..........#


You could see a bullfrog, a centaur and an orc.

Vanquished Creatures
  A shadow (D:5)
  A steam dragon (D:6)
  Menkaure (D:5)
  Edmund (D:5)
  3 phantoms
  A scorpion (D:4)
  A water moccasin skeleton (D:5)
  A howler monkey (D:6)
  A bullfrog zombie (D:6)
  A bullfrog skeleton (D:5)
  A jelly (D:4)
  An orc priest (D:4)
  3 iguanas
  An orc wizard (D:5)
  A killer bee zombie (D:5)
  13 adders
  3 gnolls (D:4)
  An adder skeleton (D:4)
  6 worms
  2 dart slugs
  9 orcs
  5 ball pythons
  8 bats
  5 endoplasms
  3 giant cockroaches
  8 goblins
  4 hobgoblins
  3 jackals (D:3)
  2 quokkas (D:3)
  3 frilled lizards
  A jackal skeleton (D:4)
  5 kobolds
  3 rats (D:3)
103 creatures vanquished.

Vanquished Creatures (others)
  A fungus (D:3)
  6 plants (D:3)
7 creatures vanquished.

Grand Total: 110 creatures vanquished

Notes
Turn   | Place    | Note
-------+----------+-------------------------------------------
     0 | D:1      | lnt the Minotaur Berserker began the quest for the Orb.
     0 | D:1      | Reached XP level 1. HP: 19/19 MP: 0/0
   145 | D:1      | Reached skill level 4 in Axes
   453 | D:1      | Reached XP level 2. HP: 25/26 MP: 1/1
  1202 | D:2      | Reached skill level 5 in Axes
  1282 | D:2      | Reached XP level 3. HP: 22/31 MP: 2/2
  1437 | D:2      | Reached ** piety under Trog
  1662 | D:2      | Found a sparkling altar of Nemelex Xobeh.
  2221 | D:2      | Reached skill level 6 in Axes
  2221 | D:2      | Reached XP level 4. HP: 35/39 MP: 3/3
  2562 | D:3      | Found a stormy altar of Qazlal.
  2719 | D:3      | Found a glowing silver altar of Zin.
  3080 | D:3      | Found a faded altar of an unknown god.
  3485 | D:4      | Reached skill level 7 in Axes
  3485 | D:4      | Reached XP level 5. HP: 37/45 MP: 4/4
  3818 | D:4      | Reached skill level 8 in Axes
  3818 | D:4      | Reached XP level 6. HP: 37/51 MP: 5/5
  3899 | D:4      | Found a hide-covered altar of Uskayaw.
  4023 | D:4      | Found a sacrificial altar of Ru.
  4083 | D:4      | Reached *** piety under Trog
  4167 | D:4      | Reached skill level 9 in Axes
  4731 | D:5      | Entered Level 5 of the Dungeon
  4838 | D:5      | Reached XP level 7. HP: 57/57 MP: 6/6
  5058 | D:5      | Upgraded the game from 0.27.0 to 0.27.0-1-g7a089689b8
  5150 | D:5      | Noticed Menkaure
  5155 | D:5      | Killed Menkaure
  5156 | D:5      | Reached skill level 10 in Axes
  5263 | D:5      | Noticed a shadow
  5275 | D:5      | Killed a shadow
  5276 | D:5      | Reached skill level 11 in Axes
  5432 | D:5      | Found a staircase to the Ecumenical Temple.
  5432 | D:5      | Noticed Edmund
  5457 | D:5      | Killed Edmund
  5458 | D:5      | Reached XP level 8. HP: 53/64 MP: 7/7
  6350 | D:6      | Found an opulent altar of Gozag.
  6362 | D:6      | Reached skill level 12 in Axes
  6586 | D:6      | Found a broken altar of Ashenzari.
  6617 | D:6      | HP: 1/64 [centaur (6)]
  6617 | D:6      | Slain by a bullfrog

Illustrated notes

Levels and vault maps discovered:
D:1:      shiori_arrival_oz, layout_basic, serial_aquarium,
          aquarium_bridge_square [aquarium_subvault_bridge,
          aquarium_subvault_window, aquarium_subvault_bridge,
          aquarium_subvault_window], aquarium_bridge_straight
          [aquarium_subvault_bridge, aquarium_subvault_wall,
          aquarium_subvault_bridge, aquarium_subvault_window],
          aquarium_window_1, aquarium_window_fake, aquarium_window_1,
          aquarium_view_2e, aquarium_view_2d, aquarium_balcony_3b,
          aquarium_pool_1, serial_bayou_ford_a
D:2:      layout_loops_ring, basic_altar, hangedman_decor_growths,
          minmay_quadrilaterals
D:3:      layout_loops_cross, zin_academy, mainiacjoe_overflow_surrounded_room,
          shapermc_ecumenical_altar_mp_ritualfount, small_statue_intersection
D:4:      layout_basic, nicolae_overflow_crystal_walls,
          nicolae_uskayaw_dance_hall
D:5:      layout_basic, minmay_temple_entry_stoned_glass, uniq_edmund,
          uniq_menkaure
D:6:      layout_basic, mainiacjoe_overflow_six_doors_small,
          nicolae_gozag_seed_capital, minmay_manual_mail, uniq_pikel

Skill      XL: |  1  2  3  4  5  6  7  8 |
---------------+-------------------------+-----
Axes           | 4 5 6 7 8 9 11 12 | 12.5
Fighting       | |  3.6
Armour         | |  2.4
Dodging        | |  2.1

Action                   |  1- 3 |  4- 6 |  7- 9 || total
-------------------------+-------+-------+-------++-------
Melee: Hand axe          |    94 |   126 |   101 ||   321
       Headbutt          |     5 |    31 |    14 ||    50
Invok: Berserk           |     2 |     2 |     3 ||     7
  Use: Potion            |       |       |     1 ||     1
 Stab: Sleeping          |     1 |       |       ||     1
Armor: Animal skin       |    10 |       |       ||    10
       Leather armour    |    29 |     1 |       ||    30
       Ring mail         |       |    21 |       ||    21
       Chain mail        |       |    27 |    36 ||    63
Dodge: Dodged            |    51 |    53 |    33 ||   137
